 Dungeon Crawl Stone Soup version 0.15.0-27-gbdb0435 (webtiles) character file.

65 Rhoefr the Insei (level 4, -3/28 HPs)
             Began as an Octopode Transmuter on Sept 11, 2014.
             Killed from afar by Ijyb (11 damage)
             ... with a wand of flame
             ... on Level 2 of the Dungeon.
             The game lasted 00:06:49 (1879 turns).

Rhoefr the Insei (Octopode Transmuter)              Turns: 1879, Time: 00:06:50

HP  -3/28        AC  2     Str  9      XL: 4   Next: 14%
MP   5/7         EV 19     Int 16      God:
Gold 84          SH  0     Dex 17      Spells:  3 memorised,  1 level left

rFire  . . .     SeeInvis .       - Unarmed
rCold  . . .     Clarity  .     (shield currently unavailable)
rNeg   . . .     rCorr    .     (helmet currently unavailable)
rPois  x         rRot     .     (no amulet)
rElec  .         Spirit   .     (no ring)
SustAb .         Warding  .     (no ring)
rMut   .         Stasis   .     (no ring)
Gourm  .                        (no ring)
MR     .....                    (no ring)
                                (no ring)
                                (no ring)
                                (no ring)

@: spider-form (expiring), not resistant to hostile enchantments, unstealthy
A: almost no armour, amphibious, 8 rings, (constrict 8), (camouflage 0),
(gelatinous body 0)
a: End Transformation


You were on level 2 of the Dungeon.
You were not hungry.
You were in spider-form.
You visited 1 branch of the dungeon, and saw 2 of its levels.

You collected 84 gold pieces.

Inventory:

Missiles
 b - 12 arrows
Comestibles
 a - a bread ration
 f - a rotting chunk of adder flesh
 g - a rotting chunk of bat flesh
Scrolls
 c - a scroll of noise {unknown}
 e - a scroll of recharging {unknown}
Potions
 h - a potion of brilliance {unknown}
 i - a potion of agility
Books
 d - a book of Changes

   Spells                             Type                      Level
   *Beastly Appendage                 Transmutation                1
   *Sticks to Snakes                  Transmutation                2
   *Spider Form                       Transmutation/Poison         3
   Ice Form                           Ice/Transmutation            4
   Blade Hands                        Transmutation                5


   Skills:
 - Level 1.0 Fighting
 - Level 2.0 Dodging
 + Level 4.8 Unarmed Combat
 - Level 2.0 Spellcasting
 - Level 2.0 Transmutations


You had one spell level left.
You knew the following spells:

 Your Spells              Type           Power        Failure   Level  Hunger
a - Beastly Appendage     Trmt           #.....       24%         1    #......
b - Sticks to Snakes      Trmt           #.........   32%         2    ###....
s - Spider Form           Trmt/Pois      #.........   61%         3    ####...


Dungeon Overview and Level Annotations

Branches:
Dungeon (2/15)

Altars:
Elyvilon
Xom

Annotations:
D:2 Ijyb


Innate Abilities, Weirdness & Mutations

You cannot wear most types of armour.
You are amphibious.
You can wear up to eight rings at the same time.
((You can use your tentacles to constrict many enemies at once.))
((Your skin changes colour to match your surroundings (Stealth).))
((Your rubbery body absorbs attacks (AC +1).))


Message History

You hit Ijyb but do no damage. You barely miss Ijyb.
Your transformation is almost over.
Ijyb zaps a wand.
The puff of flame hits you!
You barely miss Ijyb.
Ijyb zaps a wand.
The puff of flame misses you.
You barely miss Ijyb.
Ijyb zaps a wand.
The puff of flame misses you.
You barely miss Ijyb. Ijyb misses you.
You barely miss Ijyb.
Ijyb zaps a wand.
The puff of flame misses you.
You hit Ijyb.
Ijyb is poisoned.
Ijyb is lightly wounded.
Ijyb zaps a wand.
The puff of flame misses you.
You hit Ijyb.
Ijyb looks even sicker.
Ijyb is lightly wounded.
Ijyb screams, "It's all mine!"
Ijyb hits you.
* * * LOW HITPOINT WARNING * * *
You hit Ijyb.
Ijyb is heavily wounded.
Ijyb zaps a wand.
The puff of flame hits you!
You die...

#.# #.# #.#
####.#####
.........#
###########.....#.#
.......gs.....[...#
.....######.....###
# ###...#####
#.........#
#.##.####.#
#.##.####.######
#.##....%..%....
#.#######.######
#.# #.#


You could see Ijyb.

Vanquished Creatures
  3 adders (D:2)
  A worm (D:2)
  2 oozes
  A giant cockroach (D:2)
  5 goblins
  3 hobgoblins (D:2)
  4 bats
  4 giant newts
  3 jackals (D:1)
  4 kobolds
  A rat (D:1)
31 creatures vanquished.

Notes
Turn   | Place    | Note
--------------------------------------------------------------
     0 | D:1      | Rhoefr, the Octopode Transmuter, began the quest for the Orb.
     0 | D:1      | Reached XP level 1. HP: 13/13 MP: 3/3
   454 | D:1      | Reached XP level 2. HP: 18/18 MP: 2/4
   966 | D:2      | Reached skill level 4 in Unarmed Combat
   966 | D:2      | Reached XP level 3. HP: 19/23 MP: 4/6
  1142 | D:1      | Learned a level 3 spell: Spider Form
  1145 | D:1      | Learned a level 2 spell: Sticks to Snakes
  1297 | D:2      | Found a white marble altar of Elyvilon.
  1640 | D:2      | Reached XP level 4. HP: 18/28 MP: 5/7
  1805 | D:2      | Found a shimmering altar of Xom.
  1866 | D:2      | Noticed Ijyb
  1879 | D:2      | Killed from afar by Ijyb

Action                   |  1- 3 |  4- 6 || total
-------------------------+-------+-------++-------
Melee: Unarmed           |    74 |    15 ||    89
 Cast: Beastly Appendage |    19 |     1 ||    20
       Spider Form       |       |     2 ||     2
  Use: Scroll            |     3 |       ||     3
 Stab: Sleeping          |     3 |       ||     3
  Eat: Bread ration      |     1 |       ||     1
